 Dungeon Crawl Stone Soup version 0.30-a0-756-gc2185399d4 (webtiles) character file.

Game seed: 10460961852706304946

15087 HammerPanzer the Executioner (level 11, 0/123 HPs)
             Began as a Minotaur Berserker on Feb 9, 2023.
             Was a High Priest of Trog.
             Slain by a gnoll
             ... wielding a +0 halberd
             ... led by a gnoll sergeant
              (10 damage)
             ... on level 11 of the Dungeon.
             The game lasted 00:28:57 (10620 turns).

HammerPanzer the Executioner (Minotaur Berserker)  Turns: 10620, Time: 00:28:58

Health: 0/123      AC: 29    Str: 32    XL:     11   Next: 97%
Magic:  10/10      EV:  2    Int:  7    God:    Trog [*****.]
Gold:   279        SH:  6    Dex: 10    Spells: 10/10 levels left

rFire   . . .      SeeInvis .    j - +4 broad axe of Madgh {venom, rCorr Int+3}
rCold   . . .      Faith    .    h - +0 kite shield
rNeg    . . .      Spirit   .    (body armour currently unavailable)
rPois   +          Reflect  .    (helmet currently unavailable)
rElec   .          Harm     .    (cloak currently unavailable)
rCorr   +          Rampage  .    (gloves currently unavailable)
Will    .....      NoTele   +    (boots currently unavailable)
Stlth   +                        (no amulet)
HPRegen 0.40/turn                s - +4 ring of protection
MPRegen 0.12/turn                A - +6 ring of strength

@: tree-form, on berserk cooldown, slowed, very slow
A: stationary, stasis, torment immunity, boosted hp, (horns 2), (retaliatory
headbutt)
a: Renounce Religion, Berserk, Trog's Hand, Brothers in Arms


You were on level 11 of the Dungeon.
You worshipped Trog.
Trog was extremely pleased with you.
You were a tree.
You visited 1 branch of the dungeon, and saw 11 of its levels.

You collected 774 gold pieces.
You spent 495 gold pieces at shops.

Inventory:

Hand Weapons
 j - the +4 broad axe of Madgh (weapon) {venom, rCorr Int+3}
   (You bought it in a shop on level 6 of the Dungeon)

   Int:       It affects your intelligence (+3).
   rCorr:     It protects you from acid and corrosion.
Missiles
 a - 17 poisoned darts (quivered)
 o - 4 boomerangs
 x - 2 throwing nets
Armour
 h - a +0 kite shield (worn)
 k - a +0 pair of boots (melded)
 p - a +0 chain mail (melded)
 B - a +2 hat (melded)
Jewellery
 b - a ring of magical power
 s - a +4 ring of protection (left branch)
 A - a +6 ring of strength (right branch)
 E - a ring of protection from cold
Wands
 c - a wand of flame (45)
 r - a wand of roots (15)
 v - a wand of paralysis (10)
 D - a wand of digging (3)
 G - a wand of quicksilver (6)
Scrolls
 e - 3 scrolls of teleportation
 y - 3 scrolls of fear
 F - 2 scrolls of identify
 H - a scroll of blinking {unknown}
Potions
 d - 3 potions of lignification
 f - 5 potions of curing
 g - 2 potions of attraction
 l - 3 potions of might
 m - 2 potions of flight
 n - 2 potions of ambrosia
 q - a potion of cancellation {unknown}
 t - 3 potions of resistance
 u - 2 potions of mutation
 w - 2 potions of haste
 z - 2 potions of berserk rage {unknown}
 C - a potion of degeneration {unknown}
Miscellaneous
 i - a phantom mirror


   Skills:
 - Level 3.6 Fighting
 + Level 22.3 Axes
 - Level 2.4 Armour
 - Level 2.1 Dodging


You had 10 spell levels left.
You didn't know any spells.
Your spell library was empty.

Dungeon Overview and Level Annotations

Branches:
Dungeon (11/15)            Temple (0/1) D:4            Lair (0/5) D:11
    Orc: D:9-12

Altars:
Cheibriados
Dithmenos
Gozag
Kikubaaqudgha
Okawaru
Ru
Sif Muna
Trog
Uskayaw
Vehumet
Yredelemnul
Zin

Shops:
D:2 *   D:6 *   D:7 [!*   D:9 *

Portals:
Ice
Cave: D:11

Annotations:
D:6 3 runed translucent doors, Athor's ghost, novice OpVM


Innate Abilities, Weirdness & Mutations

You are a tree.
Your roots penetrate the ground, keeping you stationary.
You cannot be teleported.
You are immune to unholy pain and torment.
Your maximum health is greatly increased.
Your equipment is partially melded.
((You have a pair of horns on your head.))
((You reflexively headbutt those who attack you in melee.))


Message History

Your roots penetrate the ground.
The net rips apart!
The rime drake bites you but does no damage.
The gnoll hits you but does no damage.
The rime drake bites you but does no damage.
You block the gnoll's attack.
The orc priest casts a cantrip, but nothing happens.
You barely miss the rime drake. The ice encasing you melts away.
The rime drake breathes ice at you. The icy flash freeze hits you.
* * * LOW HITPOINT WARNING * * *
You are encased in ice.
The gnoll barely misses you.
You hear a shout!
You slice the rime drake!!
The rime drake looks as sick as possible!
The rime drake is severely wounded.
You hear a bellow!
You block the rime drake's attack. You block the gnoll's attack.
The rime drake bites you but does no damage.
You closely miss the rime drake.
The rime drake is almost dead.
The ice encasing you melts away.
You kill the rime drake!
Trog accepts your kill.
The orc priest calls down the wrath of Beogh upon you.
Beogh smites you!
* * * LOW HITPOINT WARNING * * *
The gnoll barely misses you.
The gnoll hits you from afar with a +0 halberd.
* * * LOW HITPOINT WARNING * * *
You hear a shout!
You hit the komodo dragon.
The komodo dragon is poisoned.
The komodo dragon is lightly wounded.
You hear a shout!
You hear a bellow! x2
The komodo dragon bites you.
* * * LOW HITPOINT WARNING * * *
An orc priest opens the door.
The gnoll hits you from afar with a +0 halberd!
You die...

O..+....#..........#
...######..........#
... #..........# >..
#...<......+ ###
#..........# ##.
#######'####.... #.#
..≈≈ #.##g.####
#.♣loo...∩
###'≈..... ..#≈...
g.≈#≈.. Y.#≈# .
^.##.≈ ..# #.. ..+
..


You could see a komodo dragon (poisoned), a yak (wandering), an orc priest, an
orc wizard and 2 gnolls.

Vanquished Creatures
  Gastronok (D:8)
  Erica (D:11)
  A two-headed ogre (D:11)
  The ghost of MoonlitKnight the Fighter, a novice MfGl of the Shining One (D:8)
  Urug (D:10)
  Amaemon (D:8)
  Nergalle (D:10)
  The ghost of MirrMurr the Skirmisher, a novice SpHu of Okawaru (D:8)
  Pikel (D:8)
  A manticore (D:10)
  A gargoyle (D:9)
  An orange demon (D:8)
  2 rime drakes (D:11)
  2 hornets
  12 yaks
  A shadow (D:8)
  A slime creature (D:8)
  2 wyverns (D:9)
  A steam dragon (D:8)
  Grum (D:8)
  A water moccasin (D:6)
  An acid dragon (D:9)
  6 orc warriors
  4 ice beasts
  4 sky beasts
  2 wolves (D:8)
  5 centaurs
  4 lemures (D:8)
  3 kobold brigands
  8 bullfrogs
  3 necrophages
  6 scorpions
  3 gnoll sergeants
  4 wights
  9 killer bees
  3 hounds
  4 orc priests
  Crazy Yiuf (D:3)
  3 jellies (D:5)
  A gnoll bouda (D:4)
  3 iguanas
  10 orc wizards
  Robin (D:3)
  3 adders
  12 gnolls
  2 shadow imps
  3 white imps
  4 worms
  4 dart slugs
  33 orcs
  9 endoplasms
  3 giant cockroaches
  13 goblins
  11 hobgoblins
  2 jackals (D:2)
  6 quokkas
  7 ball pythons
  6 bats
  11 frilled lizards (D:2)
  16 kobolds
  2 rats
270 creatures vanquished.

Vanquished Creatures (others)
  3 plants (D:2)
  6 withered plants (D:8)
9 creatures vanquished.

Grand Total: 279 creatures vanquished

Notes
Turn   | Place    | Note
-------+----------+-------------------------------------------
     0 | D:1      | HammerPanzer the Minotaur Berserker began the quest for the
                  | Orb.
     0 | D:1      | Reached XP level 1. HP: 19/19 MP: 0/0
   120 | D:1      | Reached skill level 4 in Axes
   145 | D:1      | Reached XP level 2. HP: 22/26 MP: 1/1
   827 | D:1      | Reached skill level 5 in Axes
   933 | D:2      | Reached XP level 3. HP: 28/31 MP: 2/2
  1109 | D:2      | Reached ** piety under Trog
  1410 | D:2      | Found a glowing silver altar of Zin.
  1424 | D:2      | Found Lyqa's Assorted Antiques.
  1542 | D:2      | Reached skill level 6 in Axes
  1542 | D:2      | Reached XP level 4. HP: 39/39 MP: 3/3
  1566 | D:2      | Reached *** piety under Trog
  2046 | D:3      | Identified the +2 helmet "Siprojus" {SInv}
  2046 | D:3      | Noticed Robin
  2076 | D:3      | Killed Robin
  2548 | D:3      | Found a runed translucent door.
  2549 | D:3      | Noticed Crazy Yiuf
  2557 | D:3      | Killed Crazy Yiuf
  2558 | D:3      | Reached skill level 7 in Axes
  2558 | D:3      | Reached XP level 5. HP: 31/45 MP: 1/4
  2995 | D:4      | Identified the +5 sling "Omed" {heavy, rF++ Int-4}
  3006 | D:4      | Reached skill level 8 in Axes
  3006 | D:4      | Reached XP level 6. HP: 51/51 MP: 5/5
  3123 | D:4      | Found an opulent altar of Gozag.
  3147 | D:4      | Found a staircase to the Ecumenical Temple.
  3445 | D:4      | Reached skill level 9 in Axes
  3659 | D:5      | Entered Level 5 of the Dungeon
  3659 | D:5      | Noticed an ice beast
  3666 | D:4      | Killed an ice beast
  3667 | D:4      | Reached XP level 7. HP: 57/57 MP: 6/6
  3671 | D:5      | Reached skill level 10 in Axes
  3930 | D:5      | Reached skill level 11 in Axes
  3966 | D:5      | Reached **** piety under Trog
  4054 | D:5      | Reached XP level 8. HP: 51/64 MP: 7/7
  4183 | D:5      | Reached skill level 12 in Axes
  4452 | D:6      | Reached skill level 13 in Axes
  4592 | D:6      | Found Xaagaom's Mayhem Merchandise.
  4901 | D:6      | Found a runed translucent gate.
  4901 | D:6      | Found a runed translucent gate.
  4901 | D:6      | Found a runed translucent gate.
  4902 | D:6      | Found an opulent altar of Gozag.
  4903 | D:6      | Noticed Athor's ghost (novice OpVM)
  4903 | D:6      | Noticed a manticore
  4903 | D:6      | Noticed a boulder beetle
  5175 | D:7      | Found Ofailanuf's General Store.
  5254 | D:7      | Found Afanasuk's Antique Armour Emporium.
  5302 | D:7      | Reached skill level 14 in Axes
  5367 | D:7      | Reached XP level 9. HP: 70/70 MP: 8/8
  5418 | D:7      | Found Meus's Distillery.
  5485 | D:7      | Found a hide-covered altar of Uskayaw.
  5491 | D:7      | Found a shimmering blue altar of Sif Muna.
  5500 | D:7      | Reached skill level 15 in Axes
  5655 | D:7      | Found a shadowy altar of Dithmenos.
  5660 | D:7      | Found a sacrificial altar of Ru.
  5666 | D:7      | Found a bloodstained altar of Trog.
  5753 | D:7      | Found an ancient bone altar of Kikubaaqudgha.
  6004 | D:8      | Noticed Pikel
  6019 | D:8      | Killed Pikel
  6020 | D:8      | Reached skill level 16 in Axes
  6215 | D:8      | Found an iron altar of Okawaru.
  6228 | D:8      | Noticed Amaemon
  6228 | D:8      | Noticed an orange demon
  6309 | D:8      | Found a snail-covered altar of Cheibriados.
  6309 | D:8      | Found a radiant altar of Vehumet.
  6428 | D:8      | Found a runed translucent gate.
  6432 | D:8      | Found a runed translucent gate.
  6433 | D:8      | Found a runed translucent gate.
  6433 | D:8      | Noticed MirrMurr's ghost (novice SpHu)
  6433 | D:8      | Noticed MoonlitKnight's ghost (novice MfGl)
  6481 | D:8      | Noticed Gastronok
  6518 | D:8      | Killed Gastronok
  6519 | D:8      | Reached skill level 17 in Axes
  6519 | D:8      | Reached XP level 10. HP: 77/77 MP: 9/9
  6608 | D:8      | Reached skill level 18 in Axes
  6723 | D:8      | Noticed Grum
  6732 | D:8      | Killed Grum
  6830 | D:8      | Killed Amaemon
  6831 | D:8      | Reached skill level 19 in Axes
  6833 | D:8      | Killed an orange demon
  7154 | D:8      | Identified the +6 quarterstaff of Cooxuoss {drain, Int+6}
  7203 | D:8      | Identified the +7 mace "Usheyse" {antimagic, rElec SInv}
  7526 | D:8      | Killed MirrMurr's ghost
  7527 | D:8      | Reached XP level 11. HP: 18/82 MP: 10/10
  7858 | D:8      | Killed MoonlitKnight's ghost
  7859 | D:8      | Reached skill level 20 in Axes
  7951 | D:9      | Found a basalt altar of Yredelemnul.
  8015 | D:9      | Found Xutasoimy's CLEARANCE SALE!.
  8030 | D:9      | Bought a potion of heal wounds for 15 gold pieces
  8952 | D:6      | Bought the +4 broad axe of Madgh {venom, rCorr Int+3} for
                  | 480 gold pieces
  9057 | D:10     | Entered Level 10 of the Dungeon
  9203 | D:10     | Noticed Urug
  9205 | D:10     | Reached ***** piety under Trog
  9470 | D:10     | Noticed Nergalle
  9666 | D:10     | Reached skill level 21 in Axes
  9698 | D:10     | Killed Nergalle
 10123 | D:10     | Killed Urug
 10396 | D:11     | Noticed Erica
 10402 | D:11     | Killed Erica
 10403 | D:11     | Reached skill level 22 in Axes
 10426 | D:11     | Found a staircase to the Lair.
 10426 | D:11     | Noticed a two-headed ogre
 10440 | D:11     | Killed a two-headed ogre
 10603 | D:11     | Found a frozen archway.
 10620 | D:11     | Slain by a gnoll

Illustrated notes

Levels and vault maps discovered:
D:1:      minmay_arrival_four_houses, layout_loops_ring
D:2:      cheibrodos_old_hovel, layout_loops_ring, basic_altar, serial_shops,
          nicolae_shop_waterfront, minmay_lizard_pond
D:3:      layout_basic, uniq_crazy_yiuf_cottage, uniq_robin
D:4:      layout_basic, grunt_gozag_statues, minmay_temple_entry_tees
D:5:      layout_basic
D:6:      layout_cave_pools, ebering_ghost_gozag, minmay_shop_mayhem
D:7:      layout_loops_ring, old_standard_altar,
          nicolae_overflow_hallway_of_the_gods, serial_shops, shop,
          nicolae_shop_overgrown_old_shop, nicolae_shop_behind_doors,
          nicolae_nh_ransacked_shop
D:8:      wad_guarded_room, layout_rooms, okawaru_ov_weapons_minmay,
          chequers_temple_overflow_statue_of_worship, gammafunk_ghost_cemetery,
          uniq_grum, uniq_pikel, uniq_gastronok, uniq_amaemon
D:9:      layout_roguey, amcnicky_altar_gilded, minivault_23,
          nicolae_shop_clearance
D:10:     cheibrodos_helix_gallery, layout_gridville,
          nicolae_elevator_lobby_plus, uniq_urug, uniq_nergalle
D:11:     layout_roguey, lair_entry_dummy, portal_ice_cave_rime, uniq_erica

Skill      XL: |  1  2  3  4  5  6  7  8  9 10 11 |
---------------+----------------------------------+-----
Axes           | 4 5 6 7 8 9 11 14 17 19 22 | 22.3
Fighting       | |  3.6
Armour         | |  2.4
Dodging        | |  2.1

Action                     |  1- 3 |  4- 6 |  7- 9 | 10-12 || total
---------------------------+-------+-------+-------+-------++-------
  Melee: Hand axe          |   111 |    72 |       |       ||   183
         Headbutt          |    12 |    27 |    31 |    34 ||   104
         Punch             |     1 |     2 |       |       ||     3
         War axe           |       |     8 |       |       ||     8
         Battleaxe         |       |    80 |   189 |   169 ||   438
         Broad axe         |       |       |       |    79 ||    79
  Throw: Dart              |       |       |       |    33 ||    33
 Invoke: Berserk           |     1 |     4 |     4 |    15 ||    24
  Evoke: Wand              |       |       |       |     1 ||     1
    Use: Scroll            |       |    12 |     3 |    11 ||    26
         Potion            |       |       |       |     6 ||     6
 Armour: Animal skin       |     1 |       |       |       ||     1
         Leather armour    |    24 |    12 |       |       ||    36
         Chain mail        |       |    55 |   132 |   126 ||   313
         Skin              |       |       |       |     4 ||     4
  Dodge: Dodged            |    52 |    75 |    73 |    79 ||   279
  Block: Kite shield       |       |       |       |    26 ||    26

Table legend: (Time is in decaauts)
 A = Elapsed time spent in this place.
 B = Non-inter-level travel time spent in this place.
 C = Inter-level travel time spent in this place.
 D = Time resting spent in this place.
 E = Time spent auto-exploring this place.
 F = Levels seen in this place.
 G = Mean time per level.
                   A        B        C        D        E       F      G
               +--------+--------+--------+--------+--------+-----+--------+
         Total |  10798 |  10309 |    489 |   2399 |   5815 |  11 |  981.6 |
       Dungeon |  10798 |  10309 |    489 |   2399 |   5815 |  11 |  981.6 |
               +--------+--------+--------+--------+--------+-----+--------+

Top non-repeatable levels by time:
     D:8: 1789 daAuts
     D:9: 1437 daAuts
     D:7: 1108 daAuts
    D:10: 1023 daAuts
     D:2: 952 daAuts
     D:3: 938 daAuts
     D:1: 924 daAuts
     D:4: 906 daAuts
     D:6: 789 daAuts
     D:5: 694 daAuts
    D:11: 234 daAuts
